| TOP OF THE 1ST |
|
Billings Mustangs batting - Pitching for Johnson City Cardinals : LHP John Fisher
|
|
Pitching: LHP John Fisher
|
|
|
Batting: RHB Cyd Carver
|
0-0: Called Strike 0-1: Called Strike 0-2: Ball 1-2: Strikes out looking
|
|
Batting: RHB Nick Miller
|
0-0: Ball 1-0: Called Strike 1-1: Swinging Strike 1-2: Foul Ball, location: 2F 1-2: Foul Ball, location: 2F 1-2: Foul Ball, location: 2F 1-2: Strikes out swinging
|
|
Batting: LHB David Moore
|
0-0: Foul Ball, location: 2F 0-1: Ground out 6-3 (Groundball, 6, EV 79.4 MPH)
|
| Top of the 1st over - 0 runs, 0 hits, 0 errors, 0 left on base; Billings 0 - Johnson City 0 |
| BOTTOM OF THE 1ST |
|
Johnson City Cardinals batting - Pitching for Billings Mustangs : RHP Victor Uriegas
|
|
Pitching: RHP Victor Uriegas
|
|
|
Batting: RHB Fortunato Fteira
|
0-0: Called Strike 0-1: Called Strike 0-2: Foul Ball, location: 2F 0-2: Ball 1-2: Ground out 6-3 (Groundball, 6, EV 99.4 MPH)
|
|
Batting: RHB Tim Cleary
|
0-0: Called Strike 0-1: Ground out 3-1 (Groundball, 34S, EV 82.5 MPH)
|
|
Batting: SHB Jason Kirby
|
0-0: Ball 1-0: Ball 2-0: Ball 3-0: Base on Balls
|
|
Batting: RHB Pat Scaturro
|
0-0: Ball 1-0: Called Strike Jason Kirby steals 2nd base 1-1: Fly out, F9 (Flyball, 9LD, EV 86.9 MPH)
|
| Bottom of the 1st over - 0 runs, 0 hits, 0 errors, 1 left on base; Billings 0 - Johnson City 0 |
| TOP OF THE 2ND |
|
Billings Mustangs batting - Pitching for Johnson City Cardinals : LHP John Fisher
|
|
Batting: RHB Hector Maldonado
|
0-0: Foul Ball, location: 2F 0-1: Called Strike 0-2: Strikes out looking
|
|
Batting: RHB Jay Jacobson
|
0-0: Fly out, F9 (Flyball, 9D, EV 95.0 MPH)
|
|
Batting: RHB Jon Monteith
|
0-0: Called Strike 0-1: Ball 1-1: Called Strike 1-2: Ball 2-2: Ball 3-2: Base on Balls
|
|
Batting: RHB Yutaka Sato
|
0-0: Foul Ball, location: 2F 0-1: Foul Ball, location: 2F 0-2: Foul Ball, location: 2F 0-2: Ball 1-2: Foul Ball, location: 2F 1-2: Strikes out swinging, 2-3 out at first.
|
| Top of the 2nd over - 0 runs, 0 hits, 0 errors, 1 left on base; Billings 0 - Johnson City 0 |
| BOTTOM OF THE 2ND |
|
Johnson City Cardinals batting - Pitching for Billings Mustangs : RHP Victor Uriegas
|
|
Batting: RHB Austin Akers
|
0-0: Ball 1-0: Called Strike 1-1: Ball 2-1: Foul Ball, location: 2F 2-2: Ball 3-2: SINGLE (Line Drive, 8LS, EV 92.5 MPH)
|
|
Batting: RHB Mario Mendoza
|
0-0: Swinging Strike 0-1: Ball 1-1: Ball 2-1: SINGLE (Groundball, 34D, EV 95.6 MPH) Austin Akers to second Runner from 2nd tries for 3rd, SAFE, throw by RF made to third Mario Mendoza to second
|
|
Batting: RHB Pat Reprogle
|
0-0: Swinging Strike 0-1: Ball Wild Pitch! Austin Akers scores Mario Mendoza to third 1-1: Called Strike 1-2: Strikes out swinging
|
|
Batting: RHB Geoff Musico
|
0-0: Called Strike 0-1: Called Strike 0-2: Ball 1-2: Ball 2-2: Strikes out looking
|
|
Batting: RHB David Klein
|
0-0: Ball Wild Pitch! Mario Mendoza scores 1-0: Swinging Strike 1-1: Ball 2-1: Ball 3-1: Foul Ball, location: 2F 3-2: Foul Ball, location: 2F 3-2: Base on Balls
|
|
Batting: RHB Fortunato Fteira
|
0-0: Called Strike David Klein steals 2nd base 0-1: Ball 1-1: Ball 2-1: Ball 3-1: Base on Balls
|
|
Batting: RHB Tim Cleary
|
0-0: Called Strike 0-1: Foul Ball, location: 2F 0-2: Ball 1-2: SINGLE (Flyball, 7LS, EV 100.0 MPH) David Klein to third Fortunato Fteira to second Runner from 3rd tries for Home, throw by LF and OUT! 7-2
|
| Bottom of the 2nd over - 2 runs, 3 hits, 0 errors, 2 left on base; Billings 0 - Johnson City 2 |
| TOP OF THE 3RD |
|
Billings Mustangs batting - Pitching for Johnson City Cardinals : LHP John Fisher
|
|
Batting: RHB Jonathan Robies
|
0-0: Ball 1-0: Ball 2-0: Called Strike 2-1: Ball 3-1: Called Strike 3-2: Strikes out swinging
|
|
Batting: LHB William Matthews
|
0-0: Called Strike 0-1: Foul Ball, location: 2F 0-2: Ball 1-2: Ball 2-2: Ball 3-2: Fly out, F8 (Flyball, 78S, EV 83.1 MPH)
|
|
Batting: RHB Cyd Carver
|
0-0: Ball 1-0: Foul Ball, location: 2F 1-1: Ball 2-1: Fly out, F9 (Flyball, 9LD, EV 101.3 MPH)
|
| Top of the 3rd over - 0 runs, 0 hits, 0 errors, 0 left on base; Billings 0 - Johnson City 2 |
| BOTTOM OF THE 3RD |
|
Johnson City Cardinals batting - Pitching for Billings Mustangs : RHP Victor Uriegas
|
|
Batting: SHB Jason Kirby
|
0-0: Ground out 4-3 (Groundball, 4S, EV 87.5 MPH)
|
|
Batting: RHB Pat Scaturro
|
0-0: Called Strike 0-1: Ball 1-1: Swinging Strike 1-2: Ground out 3-1 (Groundball, 34, EV 80.0 MPH)
|
|
Batting: RHB Austin Akers
|
0-0: Ball 1-0: Ball 2-0: Called Strike 2-1: Fly out, F9 (Line Drive, 89M, EV 87.5 MPH)
|
| Bottom of the 3rd over - 0 runs, 0 hits, 0 errors, 0 left on base; Billings 0 - Johnson City 2 |
| TOP OF THE 4TH |
|
Billings Mustangs batting - Pitching for Johnson City Cardinals : LHP John Fisher
|
|
Batting: RHB Nick Miller
|
0-0: Ball 1-0: DOUBLE (Line Drive, 89D, EV 106.9 MPH)
|
|
Batting: LHB David Moore
|
0-0: Foul Ball, location: 2F 0-1: Ball 1-1: Ball 2-1: Foul Ball, location: 2F 2-2: Ball 3-2: Fly out, F8 (Flyball, 89D, EV 90.0 MPH) Runner from 2nd tags up, SAFE at 3rd, no throw by CF
|
|
Batting: RHB Hector Maldonado
|
0-0: Called Strike 0-1: Ball 1-1: Swinging Strike 1-2: Ball 2-2: DOUBLE (Line Drive, 7LM, EV 103.1 MPH) Nick Miller scores
|
|
Batting: RHB Jay Jacobson
|
0-0: Ball 1-0: Called Strike 1-1: Ground out 6-3 (Groundball, 6D, EV 110.6 MPH)
|
|
Batting: RHB Jon Monteith
|
0-0: Swinging Strike 0-1: Swinging Strike 0-2: Strikes out swinging
|
| Top of the 4th over - 1 run, 2 hits, 0 errors, 1 left on base; Billings 1 - Johnson City 2 |
| BOTTOM OF THE 4TH |
|
Johnson City Cardinals batting - Pitching for Billings Mustangs : RHP Victor Uriegas
|
|
Batting: RHB Mario Mendoza
|
0-0: Foul Ball, location: 2F 0-1: Ball 1-1: Foul Ball, location: 2F 1-2: SINGLE (Groundball, 6D, EV 98.8 MPH)
|
|
Batting: RHB Pat Reprogle
|
0-0: Called Strike Mario Mendoza steals 2nd base 0-1: Foul Ball, location: 2F 0-2: Ball 1-2: Foul Ball, location: 2F 1-2: Strikes out swinging
|
|
Batting: RHB Geoff Musico
|
0-0: Ball Passed Ball! Mario Mendoza to third 1-0: Ball 2-0: Ball 3-0: Called Strike 3-1: SINGLE (Groundball, 34D, EV 96.9 MPH) Mario Mendoza scores
|
|
Batting: RHB David Klein
|
0-0: Ball 1-0: SINGLE (Groundball, 3D, EV 98.1 MPH) Geoff Musico to second Runner from 2nd tries for 3rd, SAFE, no throw by RF
|
|
Batting: RHB Fortunato Fteira
|
0-0: Called Strike 0-1: Foul Ball, location: 2F 0-2: Fly out, F9 (Flyball, 9D, EV 88.8 MPH) Runner from 3rd tags up, SCORES, throw by RF
|
|
Batting: RHB Tim Cleary
|
0-0: Ball 1-0: Called Strike David Klein steals 2nd base 1-1: Foul Ball, location: 2F 1-2: Strikes out looking
|
| Bottom of the 4th over - 2 runs, 3 hits, 0 errors, 1 left on base; Billings 1 - Johnson City 4 |
| TOP OF THE 5TH |
|
Billings Mustangs batting - Pitching for Johnson City Cardinals : LHP John Fisher
|
|
Batting: RHB Yutaka Sato
|
0-0: Ball 1-0: Ball 2-0: Ball 3-0: Base on Balls
|
|
Batting: RHB Jonathan Robies
|
0-0: Foul Ball, location: 2F 0-1: Called Strike 0-2: Foul Ball, location: 2F 0-2: Strikes out looking
|
|
Batting: LHB William Matthews
|
0-0: Ball 1-0: Foul Ball, location: 2F 1-1: Called Strike 1-2: Strikes out swinging
|
|
Pitching: LHP Brian Rhyne
|
|
|
Batting: RHB Cyd Carver
|
0-0: Ball 1-0: Foul Ball, location: 2F 1-1: Fly out, F9 (Flyball, 9D, EV 96.3 MPH)
|
| Top of the 5th over - 0 runs, 0 hits, 0 errors, 1 left on base; Billings 1 - Johnson City 4 |
| BOTTOM OF THE 5TH |
|
Johnson City Cardinals batting - Pitching for Billings Mustangs : RHP Victor Uriegas
|
|
Batting: SHB Jason Kirby
|
0-0: Called Strike 0-1: Swinging Strike 0-2: Foul Ball, location: 2F 0-2: Strikes out swinging, 2-3 out at first.
|
|
Batting: RHB Pat Scaturro
|
0-0: Ball 1-0: Ground out 1-3 (Groundball, P, EV 66.9 MPH)
|
|
Batting: RHB Austin Akers
|
0-0: Ball 1-0: DOUBLE (Line Drive, 3D, EV 94.4 MPH)
|
|
Batting: RHB Mario Mendoza
|
0-0: Called Strike Austin Akers steals 3rd base 0-1: Ground out 6-3 (Groundball, 6MS, EV 70.6 MPH)
|
| Bottom of the 5th over - 0 runs, 1 hit, 0 errors, 1 left on base; Billings 1 - Johnson City 4 |
| TOP OF THE 6TH |
|
Billings Mustangs batting - Pitching for Johnson City Cardinals : LHP Brian Rhyne
|
|
Batting: RHB Nick Miller
|
0-0: Ball 1-0: Called Strike 1-1: Fly out, F3 (Popup, 3SF, EV 81.3 MPH)
|
|
Batting: LHB David Moore
|
0-0: Called Strike 0-1: Swinging Strike 0-2: Foul Ball, location: 2F 0-2: Foul Ball, location: 2F 0-2: Fly out, F9 (Flyball, 89S, EV 85.0 MPH)
|
|
Batting: RHB Hector Maldonado
|
0-0: Ball 1-0: Called Strike 1-1: Swinging Strike 1-2: Strikes out looking
|
| Top of the 6th over - 0 runs, 0 hits, 0 errors, 0 left on base; Billings 1 - Johnson City 4 |
| BOTTOM OF THE 6TH |
|
Johnson City Cardinals batting - Pitching for Billings Mustangs : RHP Victor Uriegas
|
|
Pitching: RHP Tim Beck
|
|
|
Batting: RHB Pat Reprogle
|
0-0: Called Strike 0-1: Ball 1-1: Ball 2-1: Ball 3-1: Foul Ball, location: 2F 3-2: Ground out U3 (Groundball, 34S, EV 91.3 MPH)
|
|
Batting: RHB Geoff Musico
|
0-0: Ball 1-0: Ball 2-0: Foul Ball, location: 2F 2-1: Called Strike 2-2: Strikes out swinging
|
|
Batting: RHB David Klein
|
0-0: Called Strike 0-1: Ball 1-1: Foul Ball, location: 2F 1-2: Ball 2-2: Foul Ball, location: 2F 2-2: Foul Ball, location: 2F 2-2: Ball 3-2: Strikes out swinging
|
| Bottom of the 6th over - 0 runs, 0 hits, 0 errors, 0 left on base; Billings 1 - Johnson City 4 |
| TOP OF THE 7TH |
|
Billings Mustangs batting - Pitching for Johnson City Cardinals : LHP Brian Rhyne
|
|
Pitching: LHP Carlos Salcido
|
|
|
Batting: RHB Jay Jacobson
|
0-0: Ball 1-0: Ball 2-0: Called Strike 2-1: Swinging Strike 2-2: Strikes out looking
|
|
Batting: RHB Jon Monteith
|
0-0: Ball 1-0: Ball 2-0: Ball 3-0: Called Strike 3-1: Swinging Strike 3-2: Fly out, F9 (Flyball, 9LS, EV 73.8 MPH)
|
|
Batting: RHB Yutaka Sato
|
0-0: Ball 1-0: Ball 2-0: Called Strike 2-1: Foul Ball, location: 2F 2-2: Strikes out looking
|
| Top of the 7th over - 0 runs, 0 hits, 0 errors, 0 left on base; Billings 1 - Johnson City 4 |
| BOTTOM OF THE 7TH |
|
Johnson City Cardinals batting - Pitching for Billings Mustangs : RHP Tim Beck
|
|
Batting: RHB Fortunato Fteira
|
0-0: Swinging Strike 0-1: Ball 1-1: Swinging Strike 1-2: Ball 2-2: Strikes out looking
|
|
Batting: RHB Tim Cleary
|
0-0: Called Strike 0-1: SINGLE (Line Drive, 9S, EV 105.0 MPH)
|
|
Batting: SHB Jason Kirby
|
0-0: Ball Tim Cleary steals 2nd base 1-0: Ball Tim Cleary steals 3rd base 2-0: Called Strike 2-1: Ground out 4-3 (Groundball, 4S, EV 71.3 MPH)
|
|
Batting: RHB Pat Scaturro
|
0-0: Ball 1-0: Called Strike 1-1: Ground out 6-3 (Groundball, 56, EV 105.0 MPH)
|
| Bottom of the 7th over - 0 runs, 1 hit, 0 errors, 1 left on base; Billings 1 - Johnson City 4 |
| TOP OF THE 8TH |
|
Billings Mustangs batting - Pitching for Johnson City Cardinals : LHP Carlos Salcido
|
|
Pitching: RHP Jorge Aguilar
|
|
|
Batting: RHB Jonathan Robies
|
0-0: Ball 1-0: Called Strike 1-1: Foul Ball, location: 2F 1-2: Strikes out swinging
|
|
Batting: LHB William Matthews
|
0-0: Called Strike 0-1: SOLO HOME RUN (Flyball, 9LD, EV 90.0 MPH), Distance : 340 ft
|
|
Batting: RHB Cyd Carver
|
0-0: Called Strike 0-1: TRIPLE (Line Drive, 89XD, EV 100.6 MPH)
|
|
Batting: RHB Nick Miller
|
0-0: Called Strike 0-1: Foul Ball, location: 2F 0-2: Ball 1-2: Foul Ball, location: 2F 1-2: Ball 2-2: SINGLE (Line Drive, 7S, EV 96.9 MPH) Cyd Carver scores
|
|
Batting: LHB David Moore
|
0-0: Foul Ball, location: 2F 0-1: Ground out 4-3 (Groundball, 4, EV 86.3 MPH) Nick Miller to second
|
|
Batting: RHB Hector Maldonado
|
0-0: Ball 1-0: Foul Ball, location: 2F 1-1: Ball 2-1: Ball 3-1: Foul Ball, location: 2F 3-2: Base on Balls
|
|
Pitching: LHP Kevin Turner
|
|
|
Batting: RHB Jay Jacobson
|
0-0: Fly out, F8 (Flyball, 8RD, EV 106.3 MPH)
|
| Top of the 8th over - 2 runs, 3 hits, 0 errors, 2 left on base; Billings 3 - Johnson City 4 |
| BOTTOM OF THE 8TH |
|
Johnson City Cardinals batting - Pitching for Billings Mustangs : RHP Tim Beck
|
|
Batting: RHB Austin Akers
|
0-0: Foul Ball, location: 2F 0-1: Ground out 5-3 (Groundball, 56, EV 101.3 MPH)
|
|
Batting: RHB Mario Mendoza
|
0-0: Called Strike 0-1: Foul Ball, location: 2F 0-2: Ball 1-2: Ball 2-2: Fly out, F9 (Flyball, 9LM, EV 92.5 MPH)
|
|
Batting: RHB Pat Reprogle
|
0-0: Ball 1-0: Ball 2-0: Ball 3-0: Called Strike 3-1: Base on Balls
|
|
Batting: RHB Geoff Musico
|
0-0: Ball 1-0: Ball 2-0: Called Strike 2-1: Ball 3-1: Base on Balls Pat Reprogle to second
|
|
Pinch Runner at 2nd Billy Guzman:
|
|
|
Batting: RHB David Klein
|
0-0: Ball 1-0: Foul Ball, location: 2F 1-1: Foul Ball, location: 2F 1-2: SINGLE (Groundball, 5S, EV 68.8 MPH) (infield hit) Billy Guzman to third Geoff Musico to second
|
|
Pitching: RHP Jaime Kijowski
|
|
|
Batting: RHB Fortunato Fteira
|
0-0: Ball 1-0: Fly out, F5 (Line Drive, 5, EV 70.0 MPH)
|
| Bottom of the 8th over - 0 runs, 1 hit, 0 errors, 3 left on base; Billings 3 - Johnson City 4 |
| TOP OF THE 9TH |
|
Billings Mustangs batting - Pitching for Johnson City Cardinals : LHP Kevin Turner
|
|
Now at 1B: Chris Jones
|
|
|
Batting: RHB Jon Monteith
|
0-0: Swinging Strike 0-1: Swinging Strike 0-2: Ball 1-2: Strikes out swinging
|
|
Batting: RHB Yutaka Sato
|
0-0: Swinging Strike 0-1: Ball 1-1: Swinging Strike 1-2: Ball 2-2: Ball 3-2: Foul Ball, location: 2F 3-2: Base on Balls
|
|
Batting: RHB Jonathan Robies
|
0-0: Fly out, F7 (Flyball, 8LS, EV 90.6 MPH)
|
|
Pinch Hitting: RHB Mark Ortner
|
0-0: Called Strike 0-1: Called Strike 0-2: Ball 1-2: Foul Ball, location: 2F 1-2: Ball 2-2: Strikes out swinging, 2-3 out at first.
|
| Top of the 9th over - 0 runs, 0 hits, 0 errors, 1 left on base; Billings 3 - Johnson City 4 |
|